 Dungeon Crawl Stone Soup version 0.25.1-2-g60ff931df9 (webtiles) character file.

Game seed: 16318821239008913909

8857 Atelerd the Transmogrifier (level 10, 0/81 HPs)
             Began as a Demigod Transmuter on Aug 4, 2020.
             Slain by a killer bee (7 damage)
             ... on level 10 of the Dungeon.
             The game lasted 00:28:52 (19053 turns).

Atelerd the Transmogrifier (Demigod Transmuter)    Turns: 19053, Time: 00:28:53

Health: 0/81       AC:  8    Str: 16 (17) XL:     10   Next: 93%
Magic:  25/25      EV: 14    Int: 18 (19) God:
Gold:   527        SH:  0    Dex: 14 (16) Spells: 17/23 levels left

rFire    + . .     SeeInvis .     - Unarmed
rCold    + + .     Gourm    .   (shield currently unavailable)
rNeg     . . .     Faith    .   D - +2 robe {MR+}
rPois    +         Spirit   .   (no helmet)
rElec    +         Reflect  .   P - +2 cloak
rCorr    +         Harm     .   (gloves currently unavailable)
MR       ++...                  (no boots)
Stlth    +.........             (no amulet)
HPRegen  0.23/turn              V - ring of protection from cold
MPRegen  0.19/turn              L - ring of poison resistance

@: lethally poisoned (0 -> -3), blade hands (expiring), resistant, berserk
cooldown, stab, flying, hasted and slowed
A: molten scales 1, deformed body, high mp 1, sturdy frame 1
a: End Transformation


You were on level 10 of the Dungeon.
You were not hungry.
You had blades for hands.
You visited 1 branch of the dungeon, and saw 10 of its levels.

You collected 527 gold pieces.

Inventory:

Hand Weapons
 c - a +2 hand axe of venom (melded)
 f - a +0 dagger
 j - a +1 dagger of speed
 N - the cursed +3 flail "Ettuz" {venom, MR+ Dex+3}
   (You took it off a gnoll on level 8 of the Dungeon)

   It poisons the flesh of those it strikes.
   It affects your dexterity (+3).
   It affects your resistance to hostile enchantments.
   It has a curse placed upon it.
 R - a +2 short sword of electrocution
 T - a cursed +4 trident of freezing
Missiles
 a - 194 arrows
Armour
 m - a +0 pair of gloves (melded)
 x - a +0 buckler (melded)
 y - a +0 leather armour
 D - a +2 robe of magic resistance (worn)
 P - a +2 cloak (worn)
Jewellery
 E - an uncursed ring of ice
 J - an uncursed ring of magical power
 L - a ring of poison resistance (right scythe-like blade)
 O - an uncursed ring of stealth
 V - a ring of protection from cold (left scythe-like blade)
Wands
 b - a wand of iceblast (8)
 g - a wand of digging (6)
 w - a wand of random effects (27)
 H - a wand of acid (2)
 I - a wand of enslavement (4)
 K - a wand of flame (38)
 Q - a wand of paralysis (1)
Scrolls
 e - 4 scrolls of immolation
 i - 5 scrolls of teleportation
 k - 3 scrolls of amnesia
 o - 2 scrolls of noise
 q - a scroll of enchant armour
 B - 2 scrolls of random uselessness
 G - a scroll of silence {unknown}
 M - a scroll of fear {unknown}
 S - a scroll of magic mapping {unknown}
 W - a scroll of blinking {unknown}
Potions
 h - 3 potions of cancellation
 l - a potion of mutation
 n - a potion of ambrosia {unknown}
 p - 2 potions of resistance
 r - 3 potions of degeneration
 s - 2 potions of magic
 t - a potion of lignification
 u - 3 potions of curing
 z - a potion of haste
 A - 2 potions of berserk rage
 C - a potion of heal wounds {unknown}
 F - 2 potions of stabbing
 U - a potion of invisibility {unknown}
Comestibles
 d - 5 rations


   Skills:
 + Level 5.1 Fighting
 + Level 4.8 Dodging
 - Level 4.0 Shields
 + Level 5.3 Unarmed Combat
 + Level 7.4 Spellcasting
 * Level 10.5 Transmutations


You had 17 spell levels left.
You knew the following spells:

 Your Spells              Type           Power        Failure   Level  Hunger
a - Beastly Appendage     Tmut           #####.       8%          1    None
b - Blade Hands           Tmut           #####.....   28%         5    #####..

Your spell library contained the following spells:

 Spells                   Type           Power        Failure   Level  Hunger
 Sticks to Snakes         Tmut           #####...     9%          2    None
 Spider Form              Tmut/Pois      ####......   28%         3    #......
 Ice Form                 Ice/Tmut       ####....     50%         4    ###....
 Gell's Gravitas          Tloc           #.........   73%         3    #......
 Portal Projectile        Hex/Tloc       #.....       73%         3    #......
 Dispersal                Tloc           #.........   100%        6    ######.
 Controlled Blink         Tloc           N/A          100%        8    #######
 Disjunction              Tloc           #.........   100%        8    #######


Dungeon Overview and Level Annotations

Branches:
Dungeon (10/15)            Temple (0/1) D:4
   Lair: D:8-11         Orc: D:9-12

Annotations:
D:1 exclusion: 2 downstairs
D:5 exclusion: orc wizard
D:6 2 transporters, exclusion: downstairs
D:8 3 runed translucent doors


Innate Abilities, Weirdness & Mutations

You have an increased reservoir of magic. (+10% MP)
You are partially covered in molten scales. (AC +2)
Armour fits poorly on your strangely shaped body.
Your movements are slightly less encumbered by armour. (ER -2)


Message History

You feel yourself slow down. The killer bee stings you.
* * * LOW HITPOINT WARNING * * *
The killer bee stings you.
* * * LOW HITPOINT WARNING * * *
You feel better.
Your transformation is almost over.
The killer bee misses you.
The killer bee stings you but does no damage.
It was a potion of stabbing.
You feel ready to backstab. The killer bee closely misses you.
The killer bee stings you.
* * * LOW HITPOINT WARNING * * *
You are poisoned.
The killer bee poisons you!
It was a potion of flight.
You feel very buoyant.
You fly up into the air.
You feel sick.
The killer bee buzzes angrily.
The killer bee stings you!
You die...

#.# #..
#.# #..
####.#
#..
#....#
#..
##.####
#..
#..#
#..
#.##
#.. #.#
### #@#
#y# #y#


yyy .oo.. #...%.. #...%y.. #......%. #.y....yyy You could see an orc warrior, 6
killer bees and an orc.

Vanquished Creatures
  Harold (D:8)
  2 two-headed ogres (D:9)
  An ugly thing (D:9)
  A queen bee (D:10)
  3 yaks (D:9)
  A wyvern (D:9)
  A vampire mosquito (D:9)
  2 ice beasts
  2 phantoms
  2 black bears
  An eye of draining (D:8)
  5 sky beasts
  2 centaurs (D:9)
  5 ogres
  A big kobold (D:7)
  8 bullfrogs
  A wyvern zombie (D:9)
  A scorpion (D:4)
  24 killer bees
  4 wights (D:9)
  7 crimson imps
  A centaur zombie (D:7)
  2 quasits
  A bullfrog zombie (D:8)
  7 orc priests
  3 centaur skeletons
  4 hounds
  2 jellies
  2 bullfrog skeletons
  2 iguanas
  10 orc wizards
  2 worker ants (D:8)
  A hound zombie (D:7)
  A howler monkey zombie (D:8)
  2 worker ant zombies
  17 gnolls
  12 adders
  A howler monkey skeleton (D:9)
  3 shadow imps
  An ooze (D:6)
  An adder skeleton (D:5)
  A worm (D:3)
  4 dart slugs
  10 leopard geckos
  17 orcs
  2 ball pythons
  4 bats (D:1)
  2 giant cockroaches (D:1)
  8 goblins
  4 hobgoblins
  11 jackals
  4 quokkas
  5 frilled lizards
  12 kobolds
  A quokka skeleton (D:6)
  6 rats
  A butterfly (D:4)
242 creatures vanquished.

Notes
Turn   | Place    | Note
-------+----------+-------------------------------------------
     0 | D:1      | Atelerd the Demigod Transmuter began the quest for the Orb.
     0 | D:1      | Reached XP level 1. HP: 15/15 MP: 5/5
    74 | D:1      | Reached skill level 1 in Fighting
   461 | D:1      | Reached XP level 2. HP: 22/23 MP: 5/7
  1673 | D:1      | Reached XP level 3. HP: 20/28 MP: 6/8
  2601 | D:2      | Reached XP level 4. HP: 36/36 MP: 10/10
  3067 | D:2      | Found a blossoming altar of Fedhas.
  3598 | D:2      | Reached skill level 2 in Transmutations
  3820 | D:3      | Reached XP level 5. HP: 38/42 MP: 9/11
  4072 | D:3      | Found a shadowy altar of Dithmenos.
  4598 | D:4      | Found a staircase to the Ecumenical Temple.
  5611 | D:4      | Reached XP level 6. HP: 50/50 MP: 11/13
  6092 | D:4      | Found a glowing golden altar of the Shining One.
  6106 | D:4      | Reached skill level 1 in Shields
  6252 | D:5      | Entered Level 5 of the Dungeon
  6515 | D:5      | Reached skill level 3 in Transmutations
  6515 | D:5      | Reached XP level 7. HP: 45/57 MP: 15/15
  7226 | D:5      | Found a glowing silver altar of Zin.
  7226 | D:5      | Found an opulent altar of Gozag.
  7708 | D:5      | Found a shimmering blue altar of Sif Muna.
  8462 | D:6      | Found a transporter.
  8465 | D:6      | Noticed a kobold demonologist
  8465 | D:6      | Noticed a kobold demonologist
  8518 | D:6      | Found a transporter.
  9280 | D:6      | Reached skill level 4 in Transmutations
  9405 | D:6      | Reached XP level 8. HP: 56/66 MP: 15/17
 10535 | D:6      | Learned a level 5 spell: Blade Hands
 10560 | D:7      | Reached skill level 5 in Transmutations
 12088 | D:7      | Reached skill level 6 in Transmutations
 12113 | D:7      | Reached skill level 5 in Spellcasting
 12482 | D:7      | Found a shimmering altar of Xom.
 12485 | D:7      | Found a blossoming altar of Fedhas.
 12974 | D:7      | Found a radiant altar of Vehumet.
 13375 | D:8      | Reached XP level 9. HP: 59/71 MP: 20/20
 13672 | D:8      | Found a glowing silver altar of Zin.
 13678 | D:8      | Noticed Harold
 13690 | D:8      | Reached skill level 7 in Transmutations
 13838 | D:8      | Identified the cursed +3 flail "Ettuz" {venom, MR+ Dex+3}
 14073 | D:8      | Found an iron altar of Okawaru.
 14073 | D:8      | Found a burning altar of Makhleb.
 14882 | D:8      | HP: 3/71 [Harold/+2 short sword of electrocution (12)]
 14884 | D:8      | Killed Harold
 14884 | D:8      | Reached skill level 8 in Transmutations
 15619 | D:8      | Found a runed translucent gate.
 15619 | D:8      | Found a runed translucent gate.
 15620 | D:8      | Noticed a green ugly thing
 15621 | D:8      | Noticed a brown ugly thing
 15621 | D:8      | Noticed a purple ugly thing
 15623 | D:8      | Found a runed translucent gate.
 15623 | D:8      | Noticed a red ugly thing
 16230 | D:9      | Reached skill level 9 in Transmutations
 16576 | D:9      | Noticed a two-headed ogre
 16584 | D:9      | Killed a two-headed ogre
 16584 | D:9      | Reached XP level 10. HP: 21/78 MP: 24/24
 16897 | D:9      | Found a sparkling altar of Nemelex Xobeh.
 16973 | D:9      | Found an ornate altar of the Wu Jian Council.
 16976 | D:9      | Noticed a two-headed ogre
 16983 | D:9      | Killed a two-headed ogre
 17950 | D:9      | Reached skill level 10 in Transmutations
 17976 | D:9      | Noticed a purple ugly thing
 17983 | D:9      | Killed a purple ugly thing
 18463 | D:10     | Entered Level 10 of the Dungeon
 18554 | D:9      | Reached skill level 5 in Unarmed Combat
 19009 | D:10     | Reached skill level 5 in Fighting
 19027 | D:10     | Gained mutation: Armour fits poorly on your strangely
                  | shaped body. [potion of mutation]
 19027 | D:10     | Gained mutation: You are partially covered in molten
                  | scales. (AC +2) [potion of mutation]
 19027 | D:10     | Gained mutation: Your movements are slightly less
                  | encumbered by armour. (ER -2) [potion of mutation]
 19050 | D:10     | HP: 4/81 [killer bee (4)]
 19053 | D:10     | Slain by a killer bee

Illustrated notes

Levels and vault maps discovered:
D:1:      co_arrival_hexagon_in_a_hexagon, layout_basic, corexii_corridor_pit
D:2:      layout_loops_ring, fedhas_altar_3
D:3:      layout_basic, nicolae_overflow_crystal_walls, first_ration,
          minmay_bisected
D:4:      layout_basic, nicolae_tso_swordbearing_angel,
          minmay_temple_entry_butterflies
D:5:      layout_loops_ring, grunt_temple_overflow_gold_and_silver, led_sif_book
D:6:      gammafunk_wand_slinger, layout_loops_corners
D:7:      layout_loops_ring, vehumet_crystals, minitemple, grunt_ogre_cave
D:8:      layout_basic, grunt_temple_overflow_open,
          ploomutoo_gammafunk_ghost_potion_laboratory, kennysheep_diamond,
          uniq_harold
D:9:      kennysheep_windowed_halls, layout_small_grid,
          nemelex_xobeh_ov_fountains_minmay, kennysheep_mini, serial_rivers,
          chequers_serial_rivers_small_a, chequers_serial_rivers_marsh,
          chequers_serial_rivers_small_3, chequers_serial_rivers_small_a,
          chequers_serial_rivers_micro_e, chequers_serial_rivers_micro_d,
          chequers_serial_rivers_small_a
D:10:     layout_roguey [special_room_bee], gammafunk_ghost_split

Skill      XL: |  1  2  3  4  5  6  7  8  9 10 |
---------------+-------------------------------+-----
Fighting       | 1 2 3 4 5 |  5.1
Dodging        | 2 3 4 |  4.8
Spellcasting   | 2 3 4 5 6 7 |  7.4
Unarmed Combat | 3 4 5 |  5.3
Transmutations | 2 3 4 6 9 10 | 10.5
Shields        | 1 3 4 |  4.0

Action                   |  1- 3 |  4- 6 |  7- 9 | 10-12 || total
-------------------------+-------+-------+-------+-------++-------
Melee: Dagger            |   174 |   357 |   579 |       ||  1110
       Unarmed           |     3 |       |    32 |    94 ||   129
       Headbutt          |     7 |    24 |    48 |       ||    79
       Kick              |    10 |    27 |    67 |       ||   104
       Punch             |     2 |     6 |     7 |       ||    15
       Hand axe          |       |       |   166 |    51 ||   217
Throw: Throwing net      |       |       |     1 |     1 ||     2
 Cast: Beastly Appendage |    16 |    22 |    49 |       ||    87
       Blade Hands       |       |       |     7 |    13 ||    20
Evoke: Wand              |       |     5 |    22 |     3 ||    30
  Use: Potion            |     1 |       |     7 |    11 ||    19
       Scroll            |       |       |     7 |     1 ||     8
 Stab: Sleeping          |       |     1 |     3 |       ||     4
       Held in net/web   |       |       |     2 |       ||     2
       Paralysed         |       |       |    11 |       ||    11
  Eat: Chunk             |     5 |    11 |    22 |     5 ||    43
       Ration            |       |       |     4 |     2 ||     6
Armor: Robe              |    49 |    21 |    66 |    29 ||   165
       Leather armour    |       |    37 |    74 |       ||   111
       Skin              |       |       |     7 |       ||     7
Dodge: Dodged            |   127 |   182 |   445 |   105 ||   859
Block: Buckler           |       |       |    92 |    22 ||   114
